 Dungeon Crawl Stone Soup version 0.31-a0-176-g91f28db67f (webtiles) character file.

Game seed: 6045822949151108224

261 qw the Chopper (level 6, -3/38 HPs)
             Began as a Gargoyle Fighter on June 17, 2023.
             Slain by Pikel
             ... wielding a +2 whip of freezing
              (9 damage)
             ... on level 4 of the Dungeon.
             The game lasted 00:01:30 (3249 turns).

qw the Chopper (Gargoyle Fighter)                   Turns: 3249, Time: 00:01:31

Health: -3/38      AC: 15    Str: 22    XL:     6   Next: 18%
Magic:  6/6        EV:  8    Int:  8    God:
Gold:   169        SH:  4    Dex:  9    Spells: 5/5 levels left

rFire   + . .        Y - +0 war axe
rCold   . . .        c - +0 buckler
rNeg    + . .        a - +0 chain mail
rPois   inf          f - +0 helmet
rElec   +            (no cloak)
rCorr   .            (no gloves)
SInv    .            e - +0 pair of boots
Will    .....        (no amulet) Stlth
                     g - +4 ring of slaying {mikee}
HPRegen 0.26/turn    m - ring of protection from fire
MPRegen 0.10/turn

%: no passive effects
@: no status effects
A: sickness immunity, AC +4, negative energy resistance 1, electricity
resistance, torment resistance 1, petrification resistance
a: no special abilities


You were on level 4 of the Dungeon.
You visited 1 branch of the dungeon, and saw 4 of its levels.

You collected 169 gold pieces.


Innate Abilities, Weirdness & Mutations

You are immune to sickness and miasma.
Your stone body is resilient. (AC +4)
You are immune to poison.
You resist negative energy. (rN+)
You are resistant to electric shocks. (rElec)
You are resistant to unholy torment.
You are immune to petrification.


   Skills:
 - Level 4.0 Fighting
 + Level 5.4 Axes
 - Level 3.2 Armour
 - Level 3.2 Shields


You had 5 spell levels left.
You didn't know any spells.
Your spell library was empty.

Inventory:

Hand Weapons
 l - a +0 flail
 Y - a +0 war axe (weapon)
Missiles
 i - 5 boomerangs (quivered)
Armour
 a - a +0 chain mail (worn)
 c - a +0 buckler (worn)
 e - a +0 pair of boots (worn)
 f - a +0 helmet (worn)
Jewellery
 g - a +4 ring of slaying (left hand) {mikee}
 m - a ring of protection from fire (right hand)
Scrolls
 k - a scroll of immolation {unknown}
 p - a scroll of identify
Potions
 b - a potion of cancellation {unknown}
 d - 3 potions of might
 h - a potion of degeneration {unknown}
 j - a potion of curing
 n - a potion of haste {unknown}
 o - a potion of heal wounds {unknown}

Dungeon Overview and Level Annotations

Branches:
Dungeon (4/15)
 Temple: D:4-7

Altars:
Uskayaw

Annotations:
D:4 Pikel


Message History

Pikel freezes you. The lemure hits you.
You barely miss Pikel.
Pikel is moderately wounded.
You slash the lemure! Pikel barely misses you. The lemure hits you.
You barely miss Pikel.
Pikel is moderately wounded.
You hit the lemure but do no damage.
Pikel says, "Hell isn't that bad."
Pikel hits you but does no damage. The lemure hits you.
You slash Pikel!
Pikel is heavily wounded.
You closely miss the lemure. Pikel barely misses you.
You block the lemure's attack. The lemure hits you but does no damage.
Pikel closely misses you.
You barely miss Pikel.
Pikel is heavily wounded.
You barely miss the lemure. Pikel hits you but does no damage.
The lemure hits you but does no damage.
You slash Pikel!
Pikel is almost dead.
You closely miss the lemure. Pikel completely misses you. The lemure hits you.
You miss Pikel.
Pikel is almost dead.
You hit the lemure but do no damage.
Pikel hits you with a +2 whip of freezing.
Pikel freezes you. The lemure hits you but does no damage. The lemure hits you.
Pikel hits you with a +2 whip of freezing!
Pikel freezes you.
You slash Pikel!
Pikel is almost dead.
You closely miss the lemure.
Pikel hits you with a +2 whip of freezing.
Pikel freezes you. The lemure barely misses you.
You closely miss Pikel.
Pikel is almost dead.
You closely miss the lemure.
Pikel hits you with a +2 whip of freezing!
You die...

#.##..#####.#
#...........#
####..####### #%.# #..#
#..# # #..# #####.###
##..#
#.^...5@######...####
#.....K.............####
..)##.#.####............
# #.#.#####/..###.###. #
#........## #.# #.
########## #.# #. #.###.
#...(. ######


You could see Pikel and a lemure.

Vanquished Creatures
  3 lemures (D:4)
  A hound (D:4)
  An orc wizard (D:3)
  5 adders
  8 gnolls (D:3)
  An ufetubus (D:3)
  A worm (D:3)
  7 orcs
  8 endoplasms
  4 giant cockroaches
  4 goblins
  6 hobgoblins
  3 jackals (D:1)
  2 quokkas
  11 ball pythons
  2 bats (D:3)
  2 frilled lizards (D:3)
  5 kobolds
  3 rats
77 creatures vanquished.

Notes
Turn   | Place    | Note
-------+----------+-------------------------------------------
     0 | D:1      | qw the Gargoyle Fighter began the quest for the Orb.
     0 | D:1      | Reached XP level 1. HP: 14/14 MP: 1/1
     0 | D:1      | 0 ||| qw: Version: 0.3-a-5-g6f28e65
     0 | D:1      | 0 ||| qw: Game counter: 431
     0 | D:1      | 0 ||| qw: Always use a shield: true
     0 | D:1      | 0 ||| qw: God list: Okawaru
     0 | D:1      | 0 ||| qw: Allow faded altars: false
     0 | D:1      | 0 ||| qw: Do Orc after D:15 true
     0 | D:1      | 0 ||| qw: Do second Lair branch before Depths: true
     0 | D:1      | 0 ||| qw: Lair rune preference: random
     0 | D:1      | 0 ||| qw: Plans: Normal, Zot:1-4, Slime:5, God:TSO, Crypt,
                  | Tomb, Abyss, Pan, Hells, Win
     0 | D:1      | 0 ||| PLANNING D:1-11
    47 | D:1      | Reached skill level 2 in Axes
   199 | D:1      | Reached XP level 2. HP: 15/19 MP: 2/2
   702 | D:1      | Reached skill level 3 in Axes
   712 | D:1      | 712 ||| Stepping ~*~*~tactically~*~*~ (stealth).
   848 | D:1      | Reached XP level 3. HP: 23/23 MP: 3/3
  1119 | D:1      | 1119 ||| Stepping ~*~*~tactically~*~*~ (stealth).
  1120 | D:1      | 1120 ||| DROPPING +0 club.
  1213 | D:1      | 1213 ||| UPGRADING to +0 helmet.
  1218 | D:1      | 1218 ||| UPGRADING to +4 ring of slaying {mikee}.
  1219 | D:1      | 1219 ||| READING scroll labelled MUIN YHURUUMM.
  1440 | D:2      | 1440 ||| Stepping ~*~*~tactically~*~*~ (hiding).
  1441 | D:2      | 1441 ||| Stepping ~*~*~tactically~*~*~ (hiding).
  1442 | D:2      | 1442 ||| Stepping ~*~*~tactically~*~*~ (hiding).
  1774 | D:2      | 1774 ||| UPGRADING to +0 pair of boots.
  1779 | D:2      | 1779 ||| DRINKING 2 ruby potions.
  1893 | D:3      | Reached XP level 4. HP: 28/28 MP: 4/4
  1915 | D:3      | 1915 ||| Stepping ~*~*~tactically~*~*~ (stealth).
  1930 | D:3      | Reached skill level 4 in Axes
  1970 | D:3      | 1970 ||| Stepping ~*~*~tactically~*~*~ (stealth).
  1976 | D:3      | 1976 ||| Stepping ~*~*~tactically~*~*~ (stealth).
  1979 | D:3      | 1979 ||| Stepping ~*~*~tactically~*~*~ (stealth).
  2101 | D:3      | 2101 ||| DROPPING +0 mace.
  2198 | D:3      | Reached XP level 5. HP: 20/32 MP: 5/5
  2410 | D:3      | 2410 ||| Stepping ~*~*~tactically~*~*~ (hiding).
  2418 | D:3      | Reached skill level 5 in Axes
  2548 | D:3      | 2548 ||| DRINKING potion of curing.
  2548 | D:3      | 2548 ||| (to cure confusion)
  2549 | D:3      | 2549 ||| Stepping ~*~*~tactically~*~*~ (hiding).
  2769 | D:3      | 2769 ||| UPGRADING to +0 chain mail.
  2779 | D:3      | 2779 ||| DROPPING +0 scale mail.
  2780 | D:3      | 2780 ||| UPGRADING to ring of protection from fire.
  2781 | D:3      | 2781 ||| READING scroll labelled UNAARCHITZI.
  2782 | D:3      | 2782 ||| READING scroll labelled QAPPY SUOSA.
  2803 | D:3      | 2803 ||| READING scroll labelled UNOEGA MIUMU.
  2838 | D:4      | Found a hide-covered altar of Uskayaw.
  2847 | D:4      | 2847 ||| Stepping ~*~*~tactically~*~*~ (stealth).
  2849 | D:4      | 2849 ||| Stepping ~*~*~tactically~*~*~ (stealth).
  2885 | D:4      | Reached XP level 6. HP: 38/38 MP: 6/6
  3123 | D:4      | Noticed Pikel
  3124 | D:4      | 3124 ||| Stepping ~*~*~tactically~*~*~ (stealth).
  3131 | D:4      | 3131 ||| FLEEEEING.
  3135 | D:4      | 3135 ||| FLEEEEING.
  3247 | D:4      | HP: 7/38 [Pikel/+2 whip of freezing (4)]
  3249 | D:4      | Slain by Pikel

Levels and vault maps discovered:
D:1:      beargit_arrival_diablo_church, layout_basic
D:2:      layout_basic
D:3:      layout_loops_ring, serial_bayou_lake_a
D:4:      layout_loops_ring, eat_drink_and_be_merry_uskayaw,
          nicolae_shop_i_like_big_books, nrook_uturn, uniq_pikel

Skill      XL: |  1  2  3  4  5 |
---------------+----------------+-----
Axes           | 2 3 4 5 |  5.4
Fighting       | 4 |  4.0
Armour         | |  3.2
Shields        | |  3.2

Action                     |  1- 3 |  4- 6 || total
---------------------------+-------+-------++-------
  Melee: War axe           |    91 |   138 ||   229
  Throw: Boomerang         |       |    28 ||    28
    Use: Scroll            |     1 |     3 ||     4
         Potion            |     1 |     1 ||     2
 Armour: Scale mail        |    41 |    70 ||   111
         Chain mail        |       |    15 ||    15
  Dodge: Dodged            |    46 |    69 ||   115
  Block: Buckler           |    13 |    29 ||    42

Table legend:
 A = Non-vault XP
 B = Vault XP
 C = Vault XP percentage of total XP
 D = Non-vault monster count
 E = Vault monster count
 F = Vault count percentage of total count
                 A         B        C        D         E       F
            +---------+---------+-------+---------+---------+-------
      Total |     373 |       0 |   0.0 |      74 |       0 |   0.0
            +---------+---------+-------+---------+---------+-------
        D:1 |      39 |       0 |   0.0 |      22 |       0 |   0.0
        D:2 |      26 |       0 |   0.0 |       9 |       0 |   0.0
        D:3 |     250 |       0 |   0.0 |      35 |       0 |   0.0
        D:4 |      58 |       0 |   0.0 |       8 |       0 |   0.0
            +---------+---------+-------+---------+---------+-------
